 Dungeon Crawl Stone Soup version 0.27.1-34-g3ba077fa99 (webtiles) character file.

Game seed: 13031501707823108803

552 Delamore the Covert (level 7, -6/45 HPs)
             Began as an Octopode Brigand on Jan 31, 2022.
             Mangled by Duvessa (8 damage)
             ... on level 4 of the Dungeon.
             The game lasted 00:03:25 (3881 turns).

Delamore the Covert (Octopode Brigand)              Turns: 3881, Time: 00:03:26

Health: -6/45      AC:  1    Str: 10    XL:     7   Next: 29%
Magic:  7/7        EV: 13    Int: 13    God:
Gold:   122        SH:  0    Dex: 16    Spells: 6/6 levels left

rFire    + . .     SeeInvis .   k - +1 dagger (drain)
rCold    . . .     Faith    .   (no shield)
rNeg     . . .     Spirit   .   (helmet restricted)
rPois    .         Reflect  .   (no amulet)
rElec    .         Harm     .   e - ring of wizardry
rCorr    .         Rampage  .   q - ring of willpower
Will     +....                  g - ring of protection from fire
Stlth    +++++.....             (no ring)
HPRegen  0.15/turn              (no ring)
MPRegen  0.10/turn              (no ring)
                                (no ring)
                                (no ring)

@: no status effects
A: almost no armour, amphibious, 8 rings, camouflage 1, gelatinous body 1,
(nimble swimmer 1), tentacles
a: no special abilities


You were on level 4 of the Dungeon.
You visited 1 branch of the dungeon, and saw 4 of its levels.

You collected 122 gold pieces.

Inventory:

Hand Weapons
 a - a +2 dagger
 k - a +1 dagger of draining (weapon)
 s - a +0 rapier
Missiles
 b - 8 poisoned darts (quivered)
 f - 3 boomerangs
 h - 8 javelins
Jewellery
 e - a ring of wizardry (left tentacle)
 g - a ring of protection from fire (on tentacle)
 q - a ring of willpower (right tentacle)
Wands
 p - a wand of iceblast (6)
Scrolls
 j - a scroll of immolation
 o - a scroll of teleportation
Potions
 d - 3 potions of curing {unknown}
 i - 2 potions of cancellation {unknown}
 l - a potion of brilliance {unknown}
 m - a potion of ambrosia {unknown}
 n - a potion of heal wounds {unknown}


   Skills:
 - Level 2.0 Fighting
 + Level 5.0 Short Blades
 - Level 2.0 Throwing
 - Level 1.0 Dodging
 - Level 10.0 Stealth


You had 6 spell levels left.
You didn't know any spells.
Your spell library contained the following spells:

 Spells                   Type           Power      Damage    Failure   Level
 Animate Skeleton         Necr           0%         N/A       12%         1
 Pain                     Necr           0%         1d4       12%         1
 Ensorcelled Hibernation  Hex/Ice        0%         N/A       19%         2
 Spider Form              Tmut/Pois      0%         N/A       34%         3
 Vampiric Draining        Necr           0%         2d6       34%         3
 Shadow Creatures         Summ           N/A        N/A       100%        6


Dungeon Overview and Level Annotations

Branches:
Dungeon (4/15)
 Temple: D:4-7

Altars:
The Shining One

Annotations:
D:4 Duvessa


Innate Abilities, Weirdness & Mutations

You cannot wear most types of armour.
You are amphibious.
You can wear up to eight rings at the same time.
Your skin changes colour to match your surroundings (Stealth+).
Your rubbery body absorbs attacks. (AC +1, EV +1)
((You are camouflaged near water. (Stealth+)))
You have tentacles for arms and can constrict up to eight enemies at once.


Message History

Dowan is almost dead.
You constrict Dowan, but do no damage. Dowan barely misses you.
Throw: 2 darts (curare)
Press: ? - help, Q - select action, (/) - cycle Shift-Dir - straight line, f - Duvessa
Aim: Duvessa, wielding a +2 short sword of speed and wearing a +0 scale mail (69% to hit)
You throw a curare-tipped dart.
The curare-tipped dart barely misses Duvessa.
You constrict Dowan.
Duvessa hits you with a +2 short sword of speed!
Dowan gestures at you while chanting. The puff of flame hits you. You resist.
Throw: dart (curare)
Press: ? - help, Q - select action, (/) - cycle Shift-Dir - straight line, f/p - Duvessa
Aim: Duvessa, wielding a +2 short sword of speed and wearing a +0 scale mail (69% to hit)
You throw a curare-tipped dart. The curare-tipped dart hits Duvessa.
Duvessa is poisoned.
Duvessa convulses.
Duvessa seems to slow down.
Duvessa is lightly wounded.
You constrict Dowan.
You kill Dowan!
Duvessa weeps, then rights herself and shakes her weapon.
Duvessa shakes off her lethargy.
Duvessa goes berserk!
Duvessa hits you with a +2 short sword of speed!
Duvessa misses you.
Your Short Blades skill increases to level 5!
Aiming: Iceblast
Press: ? - help, Shift-Dir - straight line, f/p - Duvessa
Aim: Duvessa, wielding a +2 short sword of speed and wearing a +0 scale mail (lightly wounded, berserk, very poisoned) That beam is likely to hit you.
Continue anyway?
Okay, then.
Duvessa barely misses you.
Duvessa hits you with a +2 short sword of speed!
You see here a hobgoblin corpse.
You closely miss Duvessa. You grab Duvessa.
Duvessa is moderately wounded.
You constrict Duvessa, but do no damage.
Duvessa hits you with a +2 short sword of speed!
* * * LOW HITPOINT WARNING * * *
Duvessa hits you with a +2 short sword of speed!
You die...

#........# #....#........ ##
#####........#####...##.......
.###.....#####'#....#...##...##..
...#.....#.....#....#...##...##..
...'.....#.....#....#...#######..
...#.....#.....#....#........#...
####.....#....##....######...#...
.....##########....## ###'##..
.....#...# #.@..# ##...##..
.....)...# #.e..# #....###'
†........# #..).#######....#..
########## #...)(#....##....#..
#.....+.........####
#.....#....##'###...
#.....#....#........
#.....#....#........
#.....######........


You could see Duvessa (berserk, very poisoned).

Vanquished Creatures
  Eustachio (D:4)
  A scorpion (D:4)
  Dowan (D:4)
  2 hounds
  A jelly (D:4)
  An orc priest (D:3)
  2 iguanas (D:4)
  Ijyb (D:3)
  3 adders
  A dart slug (D:1)
  2 worms (D:2)
  6 orcs
  4 ball pythons
  2 bats (D:1)
  7 endoplasms
  5 giant cockroaches
  5 goblins
  8 hobgoblins
  7 jackals (D:1)
  4 kobolds
  A quokka (D:3)
  3 frilled lizards (D:3)
  5 rats
73 creatures vanquished.

Notes
Turn   | Place    | Note
-------+----------+-------------------------------------------
     0 | D:1      | Delamore the Octopode Brigand began the quest for the Orb.
     0 | D:1      | Reached XP level 1. HP: 14/14 MP: 1/1
   200 | D:1      | Reached XP level 2. HP: 19/19 MP: 2/2
   213 | D:1      | Reached skill level 6 in Stealth
   676 | D:1      | Reached XP level 3. HP: 24/24 MP: 3/3
   677 | D:1      | Found a faded altar of an unknown god.
  1039 | D:2      | Found a glowing golden altar of the Shining One.
  1226 | D:2      | Reached skill level 7 in Stealth
  1226 | D:2      | Reached XP level 4. HP: 22/29 MP: 4/4
  1463 | D:2      | You fall into a shaft and drop 2 floors!
  1769 | D:3      | Reached XP level 5. HP: 32/34 MP: 5/5
  1810 | D:3      | Noticed Ijyb
  1824 | D:3      | Killed Ijyb
  1825 | D:3      | Reached skill level 8 in Stealth
  2893 | D:4      | Reached XP level 6. HP: 39/39 MP: 6/6
  2939 | D:4      | Noticed Eustachio
  2953 | D:4      | Killed Eustachio
  2954 | D:4      | Reached skill level 9 in Stealth
  3241 | D:4      | Reached XP level 7. HP: 45/45 MP: 7/7
  3704 | D:4      | Reached skill level 10 in Stealth
  3868 | D:4      | Noticed Duvessa
  3869 | D:4      | Noticed Dowan
  3878 | D:4      | Killed Dowan
  3879 | D:4      | Reached skill level 5 in Short Blades
  3881 | D:4      | HP: 2/45 [Duvessa (12)]
  3881 | D:4      | Mangled by Duvessa

Illustrated notes

Levels and vault maps discovered:
D:1:      amcnicky_arrival_underground_garden, layout_rooms,
          hellmonk_ecumenical_altar_blasted, minmay_bisected
D:2:      layout_loops_ring, basic_altar
D:3:      layout_basic, bh_walls_and_bars, uniq_ijyb
D:4:      layout_gridville, uniq_eustachio, uniq_duvessa

Skill      XL: |  1  2  3  4  5  6  7 |
---------------+----------------------+-----
Stealth        | 6 7 8 9 10 | 10.0
Short Blades   | 3 4 5 |  5.0
Fighting       | |  2.0
Throwing       | |  2.0
Dodging        | |  1.0

Action                   |  1- 3 |  4- 6 |  7- 9 || total
-------------------------+-------+-------+-------++-------
Melee: Dagger            |    64 |    60 |    23 ||   147
       Constrict         |    13 |    10 |     7 ||    30
       Tentacles         |     9 |    11 |     7 ||    27
Throw: Dart              |       |     1 |     2 ||     3
  Use: Scroll            |       |     5 |       ||     5
 Stab: Sleeping          |    11 |    14 |     2 ||    27
       Distracted        |       |     2 |       ||     2
Armor: Skin              |     5 |     4 |       ||     9
Dodge: Dodged            |    29 |    25 |    11 ||    65
